 Dungeon Crawl Stone Soup version 0.20.1-1-g8b1a95d (webtiles) character file.

190 JackS81 the Cudgeler (level 5, -5/50 HPs)
             Began as a Troll Berserker on Aug 18, 2017.
             Was a Believer of Trog.
             Killed from afar by Sigmund (12 damage)
             ... with a puff of flame
             ... on level 3 of the Dungeon.
             The game lasted 00:12:35 (1599 turns).

JackS81 the Cudgeler (Troll Berserker)              Turns: 1599, Time: 00:12:37

Health: -5/50      AC:  5    Str: 25    XL:     5   Next: 41%
Magic:  4/4        EV: 10    Int:  4    God:    Trog [**....]
Gold:   96         SH:  0    Dex:  9    Spells: 4/4 levels left

rFire    . . .     SeeInvis .   a - +0 mace
rCold    . . .     Gourm    +   (no shield)
rNeg     . . .     Faith    .   b - +0 animal skin
rPois    .         Spirit   .   (helmet restricted)
rElec    .         Reflect  .   (no cloak)
rCorr    .         Harm     .   (gloves unavailable)
MR       .....                  (boots unavailable)
Stlth    +.........             (no amulet)
Regen    0.6/turn               (no ring)
MPRegen  0.1/turn               (no ring)

@: confused, berserk cooldown, slowed, very slow
A: unfitting armour, claws 3, fast metabolism 3, gourmand, regeneration 1,
shaggy fur 1, tough skin 2
a: Berserk, Trog's Hand, Burn Spellbooks, Renounce Religion


You were on level 3 of the Dungeon.
You worshipped Trog.
Trog was pleased with you.
You were very full.

You visited 1 branch of the dungeon, and saw 3 of its levels.

You collected 96 gold pieces.

Inventory:

Hand Weapons
 a - a +0 mace (weapon)
 e - a +0 hunting sling
 u - a +2 flail of protection
 z - a +2 falchion of holy wrath
 B - a cursed -2 flail
Missiles
 i - 12 poisoned needles
 j - 17 bolts
 p - 2 needles of paralysis
 x - 8 sling bullets
Armour
 b - a +0 animal skin (worn)
Jewellery
 t - a +3 amulet of reflection {unknown}
Wands
 y - a wand of random effects (34/48)
Scrolls
 d - a scroll of immolation {unknown}
 l - a scroll of fear {unknown}
 m - 3 scrolls of teleportation {unknown}
 q - 4 scrolls of identify {unknown}
 s - a scroll of random uselessness {unknown}
 A - a scroll of remove curse {unknown}
Potions
 f - 2 potions of curing {unknown}
 g - 2 potions of haste {unknown}
 h - a potion of flight {unknown}
 k - 2 potions of heal wounds
 o - a potion of brilliance {unknown}
 w - a potion of lignification {unknown}
Comestibles
 c - 4 bread rations
 n - 7 fruits
 r - 3 meat rations
 v - a royal jelly
 C - 2 chunks of flesh


   Skills:
 - Level 2.4 Fighting
 + Level 5.6 Maces & Flails
 - Level 2.4 Dodging


You had 4 spell levels left.
You didn't know any spells.

Dungeon Overview and Level Annotations

Branches:
Dungeon (3/15)

Altars:

Annotations:
D:3 Sigmund


Innate Abilities, Weirdness & Mutations

You are too large for most types of armour.
You have claws for hands.
Your metabolism is lightning-fast.
You like to eat raw meat.
Your natural rate of healing is unusually fast.
You are covered in fur. (AC +1)
You have very tough skin. (AC +2)


Message History

The puff of flame hits you!
* * * LOW HITPOINT WARNING * * *
You barely miss Sigmund. You bludgeon Sigmund!!
Sigmund is severely wounded.
Sigmund gestures at you while chanting.
You are confused.
You closely miss Sigmund.
Sigmund is severely wounded.
Sigmund hits you with a scythe of freezing.
* * * LOW HITPOINT WARNING * * *
Sigmund freezes you.
* * * LOW HITPOINT WARNING * * *
You feel a strong urge to attack something.
You are no longer berserk.
You are exhausted.
You feel yourself slow down.
Sigmund points at you and mumbles some strange words.
The puff of flame hits you!
You die...

..............#
#............######
#........#.......###
#........##...##.>..
####...#####.....## #.#)#
#..##..# #.#.#####@...#./
### ..#....##)##.## #...
..#####..@.....###..###.
.## ####.##.)........#
.###########)###.#####.#.#
..................#
#.#########.##....#
#.##.##..# .....# #.#
##..### .# ##(# .


You could see Sigmund.

Vanquished Creatures
  Natasha (thrice) (D:2)
  5 adders
  An ooze (D:1)
  2 dart slugs
  2 leopard geckos (D:2)
  6 orcs
  2 ball pythons
  4 bats
  3 giant cockroaches (D:2)
  10 hobgoblins
  A quokka (D:2)
  2 frilled lizards
  8 goblins
  4 kobolds
  4 rats
57 creatures vanquished.

Notes
Turn   | Place    | Note
-------+----------+-------------------------------------------
     0 | D:1      | JackS81 the Troll Berserker began the quest for the Orb.
     0 | D:1      | Reached XP level 1. HP: 22/22 MP: 0/0
    42 | D:1      | Reached skill level 3 in Maces & Flails
   160 | D:1      | Reached XP level 2. HP: 19/29 MP: 1/1
   653 | D:2      | Reached XP level 3. HP: 35/36 MP: 2/2
   829 | D:2      | Reached skill level 4 in Maces & Flails
   919 | D:2      | Reached ** piety under Trog
   940 | D:2      | Noticed Natasha
   956 | D:2      | Killed Natasha
   956 | D:2      | Reached XP level 4. HP: 34/44 MP: 3/3
  1110 | D:2      | Noticed Natasha
  1125 | D:2      | Killed Natasha
  1125 | D:2      | Reached skill level 5 in Maces & Flails
  1237 | D:2      | Noticed Natasha
  1246 | D:2      | Killed Natasha
  1246 | D:2      | Reached XP level 5. HP: 33/50 MP: 4/4
  1562 | D:3      | Noticed Sigmund
  1599 | D:3      | Killed from afar by Sigmund

Skill      XL: |  1  2  3  4 |
---------------+-------------+-----
Maces & Flails | 3 4 5 |  5.6
Fighting       | |  2.4
Dodging        | |  2.4

Action                   |  1- 3 |  4- 6 || total
-------------------------+-------+-------++-------
Melee: Mace              |   111 |   125 ||   236
Invok: Trog's Hand       |     1 |     3 ||     4
       Berserk           |       |     2 ||     2
 Stab: Sleeping          |     1 |     1 ||     2
  Eat: Chunk             |    14 |     9 ||    23
Armor: Animal skin       |    40 |    43 ||    83
Dodge: Dodged            |    72 |    77 ||   149
